 Dungeon Crawl Stone Soup version 0.28.0-62-gf88900778d (webtiles) character file.

Game seed: 8787139928389848100

15 AarnesTheHuman the Insei (level 2, 0/23 HPs)
             Began as a Gnoll Transmuter on Mar 20, 2023.
             Slain by Natasha (4 damage)
             ... on level 1 of the Dungeon.
             The game lasted 00:01:05 (978 turns).

AarnesTheHuman the Insei (Gnoll Transmuter)          Turns: 978, Time: 00:01:05

Health: 0/23       AC:  2    Str:  9    XL:     2   Next: 50%
Magic:  6/7        EV: 13    Int: 12    God:
Gold:   40         SH:  0    Dex: 12    Spells: 9/10 levels left

rFire   . . .      SeeInvis .     - Unarmed
rCold   . . .      Faith    .   (no shield)
rNeg    . . .      Spirit   .   a - +0 robe
rPois   .          Reflect  .   (helmet currently unavailable)
rElec   .          Harm     .   (no cloak)
rCorr   .          Rampage  .   (no gloves)
Will    .....                   (boots currently unavailable)
Stlth   +.........              (no amulet)
HPRegen 0.07/turn               (no ring)
MPRegen 0.10/turn               (no ring)

@: appendages (expiring)
A: horns 2, talons 2, fangs 1, strong nose, distributed training
a: End Transformation


You were on level 1 of the Dungeon.
You had temporarily grown beastly horns and talons.
You visited 1 branch of the dungeon, and saw 2 of its levels.

You collected 40 gold pieces.

Inventory:

Missiles
 d - 18 stones
Armour
 a - a +0 robe (worn)
Scrolls
 e - a scroll of fear {unknown}
 f - a scroll of blinking {unknown}
 h - a scroll of brand weapon {unknown}
Potions
 b - a potion of invisibility {unknown}
 c - a potion of might {unknown}
 g - 2 potions of degeneration {unknown}


   Skills:
 + Level 2.5 Fighting
 + Level 0.4 Short Blades
 + Level 0.4 Long Blades
 + Level 0.4 Axes
 + Level 0.4 Maces & Flails
 + Level 0.4 Polearms
 + Level 0.4 Staves
 + Level 0.4 Slings
 + Level 0.4 Bows
 + Level 0.4 Crossbows
 + Level 0.4 Throwing
 + Level 0.4 Armour
 + Level 4.5 Dodging
 + Level 0.4 Stealth
 + Level 0.4 Shields
 + Level 6.5 Unarmed Combat
 + Level 4.9 Spellcasting
 + Level 0.2 Conjurations
 + Level 0.2 Hexes
 + Level 0.2 Summonings
 + Level 0.2 Necromancy
 + Level 0.2 Translocations
 + Level 3.7 Transmutations
 + Level 0.2 Fire Magic
 + Level 0.2 Ice Magic
 + Level 0.2 Air Magic
 + Level 0.2 Earth Magic
 + Level 0.2 Poison Magic
 + Level 0.5 Invocations
 + Level 0.4 Evocations


You had 9 spell levels left.
You knew the following spells:

 Your Spells              Type           Power      Damage    Failure   Level
a - Beastly Appendage     Tmut           22%        N/A       4%          1

Your spell library contained the following spells:

 Spells                   Type           Power      Damage    Failure   Level
 Wereblood                Tmut           11%        N/A       7%          2
 Spider Form              Tmut/Pois      7%         N/A       26%         3
 Ice Form                 Ice/Tmut       7%         N/A       65%         4


Dungeon Overview and Level Annotations

Branches:
Dungeon (2/15)

Altars:

Annotations:
D:1 Natasha


Innate Abilities, Weirdness & Mutations

You have temporarily grown beastly horns and talons.
You have very sharp teeth.
Your uncanny sense of smell can sniff out nearby items.
Your experience applies equally to all skills.


Message History

Natasha casts a spell.
The quokka misses you.
Your transformation is almost over.
Casting: Beastly Appendage (safe; 4% risk of failure)
Confirm with . or Enter, or press ? or * to list all spells.
You extend your transformation's duration.
The endoplasm freezes you.
You are frozen.
You completely miss the endoplasm. Your headbutt misses the endoplasm.
You bite the endoplasm, but do no damage.
The endoplasm is almost dead.
The endoplasm misses you.
Natasha casts a spell.
You hit the endoplasm but do no damage. You claw the endoplasm.
You kill the endoplasm!
You hit the quokka. You claw the quokka.
You kill the quokka!
You miss Natasha. Your kick misses Natasha. Your headbutt misses Natasha.
Natasha mumbles some strange words.
You barely miss Natasha. You headbutt Natasha. Your bite misses Natasha.
Natasha is moderately wounded.
Your transformation is almost over.
Natasha claws you.
You barely miss Natasha. You punch Natasha. You bite Natasha.
Natasha is heavily wounded.
Natasha barely misses you.
You closely miss Natasha. Your kick misses Natasha.
Natasha is heavily wounded.
The crimson imp blinks!
You closely miss Natasha. Your kick misses Natasha.
Natasha is heavily wounded.
Natasha barely misses you.
You hit Natasha but do no damage. You headbutt Natasha, but do no damage.
Natasha is heavily wounded.
Natasha claws you!
* * * LOW HITPOINT WARNING * * *
You hit Natasha but do no damage. Your kick misses Natasha.
Natasha is heavily wounded.
Natasha claws you.
You die...

.##########.#.....#######♣P.≈♣♣..
.........##.#.....# ♣P≈P♣.#♣
#.......#.#.#.....# #♣♣♣♣♣♣≈♣♣♣♣♣
...#...#..#.......###PP♣♣P≈≈≈P≈P♣
..#...#...##......##..≈.≈≈≈.≈≈≈≈≈
.#...#....##......##.≈♣♣PP≈..♣♣♣≈
#.#.#.....###..####..♣♣♣♣♣♣≈P♣ ♣♣
...#......###.5#########♣♣♣.≈♣♣♣.
<...#.#...#...5h@....)..♣♣..P♣♣..
.....#......############.♣≈.♣♣...
#...#.....### #.♣≈.♣♣...
...##.....# #.........
..#..#....# #.#####+##
.#....#...# ######'#####.#
#......#..# ####............#
.#......#.# #...........#####
..#......## #...........#


You could see Natasha, a crimson imp (summoned) and a shadow imp (summoned).

Vanquished Creatures
  2 ball pythons (D:1)
  3 endoplasms (D:1)
  A giant cockroach (D:1)
  2 hobgoblins (D:1)
  A quokka (D:1)
  A bat (D:1)
  2 frilled lizards (D:1)
  2 rats (D:1)
14 creatures vanquished.

Notes
Turn   | Place    | Note
-------+----------+-------------------------------------------
     0 | D:1      | AarnesTheHuman the Gnoll Transmuter began the quest for the
                  | Orb.
     0 | D:1      | Reached XP level 1. HP: 17/17 MP: 6/6
   332 | D:1      | Reached XP level 2. HP: 23/23 MP: 5/7
   555 | D:1      | Found a faded altar of an unknown god.
   958 | D:2      | Noticed Natasha
   970 | D:1      | Noticed a crimson imp
   974 | D:1      | Noticed a crimson imp
   978 | D:1      | Slain by Natasha

Illustrated notes

Levels and vault maps discovered:
D:1:      matt_arrival_diagonals, layout_basic,
          shapermc_ecumenical_altar_notcrosses, serial_bayou_crossing
D:2:      layout_rooms, st_stairs_2, uniq_natasha

Action                   || total
-------------------------++-------
Melee: Unarmed           ||    41
       Kick              ||     8
       Headbutt          ||     5
       Bite              ||     3
       Punch             ||     2
 Cast: Beastly Appendage ||    12
 Stab: Distracted        ||     1
Armor: Robe              ||     6
Dodge: Dodged            ||    30
